 Dungeon Crawl Stone Soup version 0.17.0-24-gcfadda4 (webtiles) character file.

2407 Leibowitz the Covert (level 9, 0/87 HPs)
             Began as a Kobold Berserker on Nov 15, 2015.
             Was an Elder of Trog.
             Slain by a giant frog (8 damage)
             ... on level 7 of the Dungeon.
             The game lasted 00:24:48 (8242 turns).

Leibowitz the Covert (Kobold Berserker)             Turns: 8242, Time: 00:24:48

Health: 0/87       AC: -4    Str: 24      XL:     9   Next: 75%
Magic:  9/9        EV: 16    Int:  1 (5)  God:    Trog [****..]
Gold:   195        SH: 12    Dex: 18      Spells: 0 memorised, 8 levels left

rFire  . . .     SeeInvis .     a - +1 short sword
rCold  . . .     Clarity  .     j - +0 leather armour
rNeg   . . .     SustAt   .     p - +1 shield
rPois  .         Gourm    .     (no helmet)
rElec  .         Spirit   .     (no cloak)
rCorr  .         Warding  .     (no gloves)
rMut   .         Stasis   .     (no boots)
MR     .....                    (no amulet)
Stlth  ..........               w - +3 ring of strength
                                v - ring of stealth

@: berserking, corroded equipment, very quick, not resistant to hostile
enchantments, extremely unstealthy
A: hooves 1, carnivore 3, robust 1
a: Berserk, Trog's Hand, Brothers in Arms, Burn Spellbooks, Renounce Religion


You were on level 7 of the Dungeon.
You worshipped Trog.
Trog was greatly pleased with you.
You were very full.

You visited 1 branch of the dungeon, and saw 7 of its levels.

You collected 306 gold pieces.
You spent 111 gold pieces at shops.

Inventory:

Hand Weapons
 a - a +1 short sword (weapon)
 b - a +1 blowgun
Missiles
 g - 9 poisoned needles
 o - 4 needles of frenzy
 r - 3 throwing nets (quivered)
Armour
 j - a +0 leather armour (worn)
 p - a +1 shield (worn)
Jewellery
 v - a ring of stealth (left hand)
 w - a +3 ring of strength (right hand)
 z - an uncursed ring of fire {unknown}
Wands
 x - a wand of enslavement (20)
Scrolls
 f - 2 scrolls of enchant weapon
 i - 3 scrolls of identify
 m - 2 scrolls of teleportation
 q - a scroll of summoning {unknown}
 u - a scroll of recharging
 y - a scroll of remove curse
Potions
 h - 3 potions of heal wounds
 k - 6 potions of curing
 l - 2 potions of ambrosia
 n - a potion of agility
Books
 e - a book of Enchantments

   Spells                             Type                      Level
   a - Cause Fear                     Hexes                        4
   b - Silence                        Hexes/Air                    5
   c - Deflect Missiles               Charms/Air                   6
   d - Haste                          Charms                       6
   e - Discord                        Hexes                        8
   Trog disapproves of the use of such an item.
 s - a book of Power

   Spells                             Type                      Level
   a - Fulminant Prism                Conjuration/Hexes            4
   b - Iskenderun's Mystic Blast      Conjuration                  4
   c - Venom Bolt                     Conjuration/Poison           5
   d - Bolt of Magma                  Conjuration/Fire/Earth       5
   e - Iron Shot                      Conjuration/Earth            6
   f - Orb of Destruction             Conjuration                  7
   g - Spellforged Servitor           Conjuration/Summoning        7
   Trog disapproves of the use of such an item.
Comestibles
 c - 4 meat rations
 d - 6 beef jerkies
 t - a slice of pizza


   Skills:
 + Level 4.8 Fighting
 + Level 6.3 Short Blades
 + Level 1.8 Throwing
 + Level 3.3 Armour
 + Level 5.9 Dodging
 * Level 10.1 Stealth
 * Level 5.1 Shields


You had 8 spell levels left.
You didn't know any spells.

Dungeon Overview and Level Annotations

Branches:
Dungeon (7/15)             Temple (0/1) D:6

Altars:
Dithmenos
Elyvilon
Fedhas
Gozag
Okawaru
Qazlal
Zin

Shops:
D:6 =*(


Innate Abilities, Weirdness & Mutations

You are small and have problems with some larger weapons.
You are carnivorous and can eat meat at any time.
You have large cloven feet.
You are robust (+10% HP).


Message History

The gnoll is heavily wounded.
You block the gnoll's attack.
You hit the gnoll but do no damage.
The gnoll is heavily wounded.
You block the gnoll's attack.
You puncture the gnoll!
You feel the power of Trog in you as your rage grows.
You kill the gnoll!
Trog accepts your kill. You block the giant frog's attack.
You hit the gnoll. You kick the gnoll, but do no damage.
The gnoll is lightly wounded.
You block the giant frog's attack.
You hit the gnoll. You kick the gnoll.
The gnoll is severely wounded.
The gnoll barely misses you.
You closely miss the gnoll. Your kick misses the gnoll.
The gnoll is severely wounded.
The giant frog hits you!
You die...

## #####.#
##.>...######
#.##...g........
#.#..##@)......
#...#F#######.
### #.....# #..
..%.
#...#.####....#
....#
#...#........#
...F.
#..##..###.##.#
#.... #......#
#.... #..###.#
..... #..# ..#


You could see a giant frog and a gnoll.

Vanquished Creatures
  Edmund (D:6)
  3 orc warriors
  4 sky beasts
  5 ogres
  3 centaurs
  2 giant frogs
  A scorpion (D:6)
  A giant frog zombie (D:6)
  A centaur zombie (D:6)
  A crimson imp (D:6)
  2 orc priests
  A centaur skeleton (D:5)
  2 jellies
  2 orc wizards
  A giant frog skeleton (D:6)
  3 hounds
  3 worker ants
  An iguana (D:7)
  2 hound skeletons
  11 adders
  6 gnolls (D:7)
  2 oozes
  4 giant geckos
  11 orcs
  6 bats
  2 giant cockroaches
  9 hobgoblins
  3 jackals
  7 quokkas
  4 giant newts
  9 goblins
  6 kobolds
  A quokka skeleton (D:7)
  A quokka zombie (D:7)
  8 rats
  A bush (D:3)
130 creatures vanquished.

Notes
Turn   | Place    | Note
--------------------------------------------------------------
     0 | D:1      | Leibowitz the Kobold Berserker began the quest for the Orb.
     0 | D:1      | Reached XP level 1. HP: 14/14 MP: 1/1
    65 | D:1      | Reached skill level 1 in Stealth
    65 | D:1      | Reached XP level 2. HP: 10/19 MP: 2/2
   656 | D:1      | Reached XP level 3. HP: 24/24 MP: 3/3
   916 | D:1      | Reached ** piety under Trog
  1307 | D:2      | Found a stormy altar of Qazlal.
  1368 | D:2      | Reached XP level 4. HP: 10/29 MP: 4/4
  1663 | D:2      | Found a blossoming altar of Fedhas.
  2267 | D:3      | Found a faded altar to an unknown god.
  2329 | D:3      | Noticed an orc warrior
  2352 | D:3      | Killed an orc warrior
  2352 | D:3      | Reached XP level 5. HP: 5/33 MP: 5/5
  2352 | D:3      | Reached XP level 6. HP: 5/38 MP: 6/6
  2359 | D:3      | Reached skill level 1 in Shields
  2685 | D:3      | Noticed an ogre
  2689 | D:3      | Killed an ogre
  2782 | D:3      | Reached skill level 5 in Stealth
  2802 | D:3      | Found an opulent altar of Gozag.
  3749 | D:3      | Reached XP level 7. HP: 44/44 MP: 7/7
  4474 | D:4      | Reached skill level 5 in Short Blades
  4474 | D:4      | Reached skill level 6 in Stealth
  4475 | D:4      | Reached *** piety under Trog
  4643 | D:4      | Gained mutation: You are robust (+10% HP). [potion of mutation]
  4643 | D:4      | Gained mutation: You have large cloven feet. [potion of mutation]
  4911 | D:5      | Entered Level 5 of the Dungeon
  4911 | D:5      | Found a shadowy altar of Dithmenos.
  5047 | D:5      | Reached XP level 8. HP: 52/52 MP: 8/8
  5083 | D:5      | Reached skill level 7 in Stealth
  5313 | D:5      | Found an iron altar of Okawaru.
  5492 | D:5      | Reached skill level 5 in Dodging
  6367 | D:6      | Found Wakusi's Jewellery Shoppe.
  6418 | D:6      | Found Ecappauwa's Assorted Antiques.
  6423 | D:6      | Bought a scroll labeled APAUKL HIYLEDEITI for 27 gold pieces
  6423 | D:6      | Bought a scroll labeled YBUIDDAFIO for 27 gold pieces
  6499 | D:6      | Found a staircase to the Ecumenical Temple.
  6523 | D:6      | Found Riohor's Antique Weapon Emporium.
  6528 | D:6      | Bought a blowgun for 57 gold pieces
  6620 | D:6      | Reached XP level 9. HP: 57/57 MP: 9/9
  6633 | D:6      | Reached skill level 8 in Stealth
  6773 | D:6      | Reached skill level 1 in Throwing
  6773 | D:6      | Reached skill level 9 in Stealth
  7025 | D:6      | Found a white marble altar of Elyvilon.
  7039 | D:6      | Found a glowing silver altar of Zin.
  7251 | D:6      | Noticed Edmund
  7292 | D:6      | Killed Edmund
  7292 | D:6      | Reached **** piety under Trog
  7671 | D:6      | Reached skill level 5 in Shields
  7980 | D:7      | Reached skill level 10 in Stealth
  8242 | D:7      | Slain by a giant frog

Action                   |  1- 3 |  4- 6 |  7- 9 || total
-------------------------+-------+-------+-------++-------
Melee: Short sword       |    92 |   366 |   272 ||   730
 Fire: Blowgun           |       |       |    27 ||    27
Invok: Trog's Hand       |     1 |     1 |       ||     2
       Berserk           |       |     2 |     5 ||     7
  Use: Potion            |       |       |    14 ||    14
       Scroll            |       |       |    13 ||    13
 Stab: Sleeping          |     5 |     7 |    27 ||    39
       Distracted        |       |     1 |     2 ||     3
  Eat: Chunk             |     9 |     8 |    21 ||    38
